[Event "Titled Tuesday Blitz May 31 Early 2022"]
[White "Demchenko, Anton"]
[Black "Perez Gormaz, Matias"]
[WhiteFideId "4160258"]
[BlackFideId "3406342"]
[WhiteElo "2539"]
[BlackElo "2341"]
[Result "1-0"]
[Round "02"]
[TimeControl "180+1"]
[Date "2022.05.31"]
[WhiteClock "0:00:09"]
[BlackClock "0:00:10"]

1. e4 d5 2. exd5 Qxd5 3. Nc3 Qd8 4. d4 Nf6 5. Bc4 c6 6. Nge2 Bf5 7. O-O e6 8. Ng3 Bg6 9. Nce2 Bd6 10. Nf4 O-O 11. c3 Nbd7 12. Re1 Nd5 13. Nxg6 hxg6 14. Ne4 Be7 15. g3 b5 16. Bb3 a6 17. h4 Rc8 18. h5 gxh5 19. Qxh5 N7f6 20. Qh3 c5 21. Ng5 g6 22. Qh6 Re8 23. Nxe6 Bf8 24. Qxf8+ Rxf8 25. Nxd8 Rfxd8 26. dxc5 Rxc5 27. Rd1 Re8 28. Kf1 Ne7 29. Re1 Nf5 30. Rxe8+ Nxe8 31. Bf4 a5 32. a3 Ned6 33. Re1 Nc4 34. Re2 Rc8 35. g4 Ng7 36. Be5 Ne6 37. Bf6 g5 38. Bxc4 Rxc4 39. Re5 Rxg4 40. Rxb5 a4 41. Rb4 Nf4 42. Bxg5 Rxg5 43. Rxf4 Rd5 44. Rxa4 Rd2 45. Rb4 Rc2 46. a4 f5 47. a5 Kf7 48. a6 Rc1+ 49. Ke2 Ra1 50. Rb6 Ra2 51. Kf3 f4 52. Kxf4 Ra4+ 53. b4 Ra2 54. f3 Rc2 55. a7 Ra2 56. Rb7+ Ke6 57. b5 Kd5 58. b6 Kc6 59. Rb8 Ra4+ 60. Kg3 Kb5 61. a8=Q 1-0


[Site "https://www.chess.com"]

[Event "Titled Tuesday Blitz May 31 Early 2022"]
[White "Druska, Juraj"]
[Black "Stankovic, Ivan G"]
[WhiteFideId "14915650"]
[BlackFideId "902837"]
[WhiteElo "2369"]
[BlackElo "2195"]
[Result "0-1"]
[Round "02"]
[TimeControl "180+1"]
[Date "2022.06.01"]
[WhiteClock "0:00:03"]
[BlackClock "0:00:04"]

1. e4 c5 2. Nf3 Nc6 3. Bb5 g6 4. Bxc6 bxc6 5. O-O Bg7 6. c3 Nh6 7. d4 cxd4 8. cxd4 O-O 9. Nc3 f5 10. Re1 fxe4 11. Nxe4 d6 12. h3 Nf5 13. Qc2 Qb6 14. Be3 Nxe3 15. Rxe3 Bf5 16. Qc3 Rab8 17. Rae1 Qxb2 18. Qxc6 Qxa2 19. Nc3 Qb2 20. Nd5 e5 21. dxe5 dxe5 22. Nxe5 Rbe8 23. Nf3 Rxe3 24. Rxe3 Qb1+ 25. Kh2 Bh6 26. Ne7+ Kh8 27. Nxf5 Qxf5 28. Re8 Bf4+ 29. g3 Bh6 30. Kg2 Bg7 31. Qa8 Rxe8 32. Qxe8+ Qf8 33. Qd7 Qa8 34. Qf7 a5 35. Kh2 a4 36. Ng5 Qf8 37. Qc4 Qxf2+ 38. Kh1 h6 39. Nf7+ Kh7 40. Nd6 a3 41. Ne4 Qe1+ 42. Kg2 Qb1 0-1


[Site "https://www.chess.com"]

[Event "Titled Tuesday Blitz May 31 Early 2022"]
[White "Durarbayli, Vasif"]
[Black "Kim, Sergey"]
[WhiteFideId "13402935"]
[BlackFideId "13700570"]
[WhiteElo "2528"]
[BlackElo "2582"]
[Result "1-0"]
[Round "02"]
[TimeControl "180+1"]
[Date "2022.05.31"]
[WhiteClock "0:00:14"]
[BlackClock "0:00:15"]

1. e4 e5 2. Nf3 Nc6 3. Bc4 Bc5 4. c3 Nf6 5. d3 d6 6. O-O a6 7. Bb3 Ba7 8. Re1 O-O 9. Nbd2 Nh5 10. Nf1 Qf6 11. Be3 Nf4 12. Bxa7 Rxa7 13. Ne3 Be6 14. g3 Ng6 15. Kg2 Raa8 16. h4 h6 17. h5 Nge7 18. Nh4 Rad8 19. Bxe6 fxe6 20. Qe2 d5 21. Nf3 g5 22. Ng4 Qg7 23. exd5 Rxd5 24. d4 Nf5 25. dxe5 Rdd8 26. Rad1 Kh8 27. Rxd8 Rxd8 28. Rd1 Qe7 29. Rd3 Rd7 30. Qd2 Rxd3 31. Qxd3 Nd8 32. Nd4 Nf7 33. Nxf5 exf5 34. Qxf5 b5 35. e6 Nd6 36. Qg6 Qg7 37. Qxh6+ Kg8 38. Qxg7+ Kxg7 39. h6+ Kg6 40. f4 gxf4 41. gxf4 Nf5 42. Kf3 c5 43. Ke4 Ng3+ 44. Ke5 b4 45. cxb4 cxb4 46. e7 Kf7 47. h7 1-0


[Site "https://www.chess.com"]

[Event "Titled Tuesday Blitz May 31 Early 2022"]
[White "Fantinel, Thibault"]
[Black "Abdrlauf, Elham"]
[WhiteFideId "663395"]
[BlackFideId "1533533"]
[WhiteElo "2349"]
[BlackElo "2371"]
[Result "1-0"]
[Round "02"]
[TimeControl "180+1"]
[Date "2022.05.31"]
[WhiteClock "0:00:10"]
[BlackClock "0:00:03"]

1. c4 e5 2. g3 Nf6 3. Bg2 c6 4. Nf3 e4 5. Nd4 d5 6. d3 Qb6 7. e3 Bb4+ 8. Nc3 O-O 9. O-O Bg4 10. Qc2 exd3 11. Qxd3 dxc4 12. Qxc4 Nbd7 13. Bd2 Ne5 14. Qb3 c5 15. Na4 Qa5 16. Bxb4 cxb4 17. Rac1 b5 18. Rc5 bxa4 19. Rxa5 axb3 20. Rxe5 bxa2 21. Bxa8 Rxa8 22. Ra5 b3 23. Nxb3 Rb8 24. Nc1 Rxb2 25. Rxa7 h5 26. Rxa2 Rb1 27. Kg2 Be6 28. Rc2 g6 29. f3 Nd5 30. Kf2 Nb4 31. Rd2 Nd5 32. Nd3 Rxf1+ 33. Kxf1 Nxe3+ 34. Kf2 Nc4 35. Rd1 Bf5 36. Nf4 Ne5 37. Rd8+ Kg7 38. Nd5 Nc6 39. Rd6 Ne5 40. Ne3 Be6 41. f4 Nd7 42. Kf3 Nf6 43. Rb6 Bd7 44. Nc2 Be6 45. Nd4 Bd5+ 46. Ke2 Ng4 47. h3 Nf6 48. Rd6 Bg2 49. h4 Bh3 50. Kf3 Bg4+ 51. Ke3 Bc8 52. f5 Ng4+ 53. Kf4 Nf2 54. f6+ Kh7 55. Rd8 Ba6 56. Rf8 Bc4 57. Nc6 Nd3+ 58. Ke3 Nb2 59. Ne5 Be6 60. Nxf7 Nc4+ 61. Kd4 1-0


[Site "https://www.chess.com"]

[Event "Titled Tuesday Blitz May 31 Early 2022"]
[White "Fedoseev, Vladimir"]
[Black "Sadubayev, Airat"]
[WhiteFideId "24130737"]
[BlackFideId "13713264"]
[WhiteElo "2726"]
[BlackElo "2234"]
[Result "1/2-1/2"]
[Round "02"]
[TimeControl "180+1"]
[Date "2022.05.31"]
[WhiteClock "0:00:03"]
[BlackClock "0:00:03"]

1. e4 c6 2. Nf3 d5 3. exd5 cxd5 4. Ne5 Nf6 5. d4 g6 6. Bd3 Bg7 7. O-O O-O 8. Re1 Nc6 9. c3 Bf5 10. Bxf5 gxf5 11. Nd3 e6 12. Bg5 Qb6 13. Bxf6 Bxf6 14. Nd2 Kh8 15. Re3 Rg8 16. Rh3 Rg7 17. Nf3 Rag8 18. g3 Qc7 19. Qd2 Ne7 20. Re1 Ng6 21. Kh1 f4 22. Nxf4 Nxf4 23. Qxf4 Qxf4 24. gxf4 Rg4 25. Ne5 R4g7 26. Rg3 Bh4 27. Rf3 f5 28. Nd3 Rg6 29. Rfe3 Re8 30. Re5 Re7 31. R5e3 b6 32. Rh3 Bf6 33. Rg3 Kg7 34. Kg2 Kf7 35. Kf3 Re8 36. Rh3 Rg7 37. Ne5+ Bxe5 38. fxe5 Re7 39. Rg3 Rg6 40. Reg1 Re8 41. h4 Reg8 42. h5 Rxg3+ 43. Rxg3 Rxg3+ 44. fxg3 Kg7 45. g4 fxg4+ 46. Kxg4 Kh6 47. Kh4 b5 48. b3 a6 49. a4 bxa4 50. bxa4 Kg7 51. Kg5 a5 52. Kg4 Kh6 53. Kh4 Kg7 54. Kg5 Kf7 55. h6 Ke7 56. Kf4 Kf7 57. Kg5 Ke7 58. Kg4 Kf7 59. Kh5 Ke7 60. Kg5 Kf7 61. Kh5 Ke7 62. Kg4 Kf7 63. Kg5 1/2-1/2


[Site "https://www.chess.com"]

[Event "Titled Tuesday Blitz May 31 Early 2022"]
[White "Girinath, P.D.S."]
[Black "Tanenbaum, Zachary"]
[WhiteFideId "5000572"]
[BlackFideId "2060850"]
[WhiteElo "2369"]
[BlackElo "2168"]
[Result "1-0"]
[Round "02"]
[TimeControl "180+1"]
[Date "2022.06.01"]
[WhiteClock "0:00:06"]
[BlackClock "0:00:04"]

1. e4 e5 2. Nf3 Nc6 3. Bb5 a6 4. Ba4 d6 5. c3 Nf6 6. d4 b5 7. Bb3 Bg4 8. Be3 Be7 9. h3 Bh5 10. Nbd2 O-O 11. a4 Re8 12. O-O Bf8 13. d5 Ne7 14. axb5 axb5 15. Qe2 Rxa1 16. Rxa1 Nexd5 17. exd5 e4 18. Qxb5 exf3 19. Nxf3 Bxf3 20. gxf3 Nh5 21. Kf1 Re5 22. f4 Rf5 23. Bc2 Rf6 24. Qc6 Rxf4 25. Ra8 Qh4 26. Qe8 Qxh3+ 27. Ke1 Qh1+ 28. Ke2 Qf3+ 29. Kd2 Qxd5+ 30. Bd3 Qxa8 31. Qxa8 Rf6 32. b4 Nf4 33. Bxf4 Rxf4 34. Qd8 Rxf2+ 35. Ke3 Rf6 36. Qxc7 Re6+ 37. Kd2 Re7 38. Qc8 g6 39. b5 Kg7 40. b6 d5 41. b7 Re6 42. Qxe6 fxe6 43. b8=Q Be7 44. Qe5+ Kf7 45. Qf4+ Bf6 46. c4 dxc4 47. Bxc4 Kg7 48. Bxe6 h6 49. Qe4 Bg5+ 50. Ke2 h5 51. Bd7 Bf6 52. Be8 Be7 53. Qxg6+ Kh8 54. Bf7 Bf6 55. Qg8# 1-0


[Site "https://www.chess.com"]

[Event "Titled Tuesday Blitz May 31 Early 2022"]
[White "Gurevich, Dmitry"]
[Black "Donchenko, Alexander"]
[WhiteFideId "2000407"]
[BlackFideId "24603295"]
[WhiteElo "2506"]
[BlackElo "2572"]
[Result "0-1"]
[Round "02"]
[TimeControl "180+1"]
[Date "2022.05.31"]
[WhiteClock "0:00:06"]
[BlackClock "0:00:28"]

1. d4 d5 2. c4 dxc4 3. Nf3 a6 4. e3 Nf6 5. Bxc4 e6 6. O-O c5 7. dxc5 Bxc5 8. Qe2 b5 9. Bd3 Nbd7 10. a3 O-O 11. b4 Bd6 12. Bb2 Bb7 13. Nbd2 Qb8 14. h3 Ne5 15. Nxe5 Bxe5 16. Bxe5 Qxe5 17. Nf3 Qh5 18. Nd4 Qg5 19. Nf3 Qh5 20. Nd4 Qd5 21. Nf3 Rfc8 22. Rfd1 Qh5 23. Nd4 Qg5 24. Nf3 Qh5 25. Nd4 Qd5 26. Nf3 Qb3 27. Nd4 Qc3 28. Qd2 g6 29. Qxc3 Rxc3 30. Ne2 Rb3 31. Nd4 Rc3 32. Ne2 Rc7 33. Rdc1 Rac8 34. Rxc7 Rxc7 35. Rc1 Rxc1+ 36. Nxc1 Be4 37. Be2 Kf8 38. Nb3 Nd7 39. f3 Bd5 40. Nd4 Ke7 41. Kf2 e5 42. Nc2 f5 43. Ke1 Nb6 44. Kd2 Kd6 45. Bd3 Bb3 46. Kc3 Be6 47. g3 h6 48. f4 g5 49. fxg5 hxg5 50. h4 g4 51. Kd2 Nd7 52. Be2 Nf6 53. Bd3 Nh5 54. a4 bxa4 55. Bxa6 Nxg3 56. Bb5 Ne4+ 57. Kd3 g3 58. Ne1 a3 59. Kc2 f4 60. exf4 exf4 61. Bd3 Nf2 62. Be2 Ng4 63. h5 Ne3+ 64. Kc3 g2 65. Nxg2 a2 66. Kb2 Nc2 0-1


[Site "https://www.chess.com"]

[Event "Titled Tuesday Blitz May 31 Early 2022"]
[White "Guzman, Christopher"]
[Black "Ponkratov, Pavel"]
[WhiteFideId "6405096"]
[BlackFideId "4157800"]
[WhiteElo "2244"]
[BlackElo "2487"]
[Result "0-1"]
[Round "02"]
[TimeControl "180+1"]
[Date "2022.05.31"]
[WhiteClock "0:00:32"]
[BlackClock "0:00:19"]

1. e4 c5 2. Nf3 b6 3. d4 cxd4 4. Nxd4 Bb7 5. Nc3 a6 6. g3 Nf6 7. Bg2 e6 8. O-O Qc7 9. a3 Bc5 10. Re1 h5 11. Nb3 Be7 12. Bf4 e5 13. Bg5 d6 14. Bxf6 Bxf6 15. Nd5 Qd8 16. c3 Nd7 17. Qd2 Bg5 18. Qd3 h4 19. Rad1 O-O 20. Ne3 hxg3 21. hxg3 Nc5 22. Nxc5 dxc5 23. Nd5 b5 24. c4 Bc6 25. f4 exf4 26. gxf4 Bxd5 27. fxg5 Bxc4 28. Qxd8 Raxd8 29. Kf2 Rfe8 30. Ke3 Rxd1 31. Rxd1 a5 32. Rd7 Rc8 33. Bh3 Rc6 34. Bf5 g6 35. Bg4 a4 36. Rb7 Rd6 37. Be2 Bxe2 38. Kxe2 Rd4 39. Ke3 b4 40. Rb5 Rc4 41. Kd3 Rd4+ 42. Ke3 Rc4 43. Kd3 bxa3 44. bxa3 Rc1 45. Ra5 Rg1 46. Rxa4 Rxg5 47. Ra8+ Kg7 48. a4 Rg1 49. a5 g5 50. e5 g4 51. Ke3 Rf1 52. a6 c4 53. Rc8 Rf3+ 54. Ke2 Ra3 55. Rxc4 g3 56. a7 Kg6 57. Rg4+ Kf5 58. Rxg3 Ra2+ 59. Ke3 Ra3+ 60. Kf2 Rxa7 61. Rf3+ Kxe5 62. Re3+ Kf4 63. Rf3+ Ke4 64. Re3+ Kd4 65. Kf3 Ra6 66. Re8 Re6 67. Ra8 Rf6+ 68. Kg4 Rf1 69. Re8 Kd5 70. Kg3 Kd6 71. Re2 Rf6 72. Kg4 Re6 73. Ra2 Ke7 74. Kf3 Kf6 75. Ra5 Re5 76. Ra7 Kg6 77. Ra8 Rb5 78. Rg8+ Kf5 79. Ra8 Rb3+ 80. Kf2 Kg5 81. Ra2 f5 82. Kg2 Kg4 83. Rc2 f4 84. Ra2 Rg3+ 85. Kf2 Rh3 86. Kg1 Rb3 87. Rg2+ Kf3 88. Rf2+ Ke3 89. Rc2 Rb1+ 90. Kg2 f3+ 91. Kg3 Rg1+ 92. Kh2 f2 93. Rc3+ Ke4 0-1


[Site "https://www.chess.com"]

[Event "Titled Tuesday Blitz May 31 Early 2022"]
[White "Hambleton, Aman"]
[Black "Bortnyk, Olexandr"]
[WhiteFideId "2606577"]
[BlackFideId "14120828"]
[WhiteElo "2552"]
[BlackElo "2723"]
[Result "0-1"]
[Round "02"]
[TimeControl "180+1"]
[Date "2022.05.31"]
[WhiteClock "0:00:02"]
[BlackClock "0:00:47"]

1. d4 d6 2. e4 Nf6 3. f3 e5 4. dxe5 dxe5 5. Qxd8+ Kxd8 6. Bc4 Ke8 7. Be3 Nbd7 8. Nd2 Bc5 9. Nf1 c6 10. a4 a5 11. O-O-O Bxe3+ 12. Nxe3 Nc5 13. b3 Bd7 14. Ne2 Ke7 15. Nc3 Rhd8 16. Rd2 g6 17. Rhd1 h5 18. h4 b6 19. Kb2 Be6 20. Rxd8 Rxd8 21. Rxd8 Kxd8 22. Bxe6 Nxe6 23. Nc4 Nd7 24. Ne2 Ke7 25. Kc3 f5 26. exf5 gxf5 27. Ng3 Ng7 28. Kd3 f4 29. Nf1 Nf5 30. Ke4 Ke6 31. Kd3 Nxh4 32. g3 Nxf3 33. gxf4 exf4 34. Ke4 Ne1 35. Kxf4 Nxc2 36. Ng3 h4 37. Ne4 Nd4 38. Kg4 Nxb3 39. Kxh4 Kd5 40. Ncd6 Nbc5 41. Nxc5 Nxc5 42. Nc8 Nxa4 43. Kg3 Ke6 0-1


[Site "https://www.chess.com"]

[Event "Titled Tuesday Blitz May 31 Early 2022"]
[White "Indjic, Aleksandar"]
[Black "Gong, Patrick"]
[WhiteFideId "911925"]
[BlackFideId "3222500"]
[WhiteElo "2616"]
[BlackElo "2103"]
[Result "0-1"]
[Round "02"]
[TimeControl "180+1"]
[Date "2022.05.31"]
[WhiteClock "0:00:11"]
[BlackClock "0:00:21"]

1. c4 g6 2. d4 Bg7 3. e4 c5 4. d5 d6 5. Nc3 Nf6 6. Bd3 O-O 7. Nf3 a6 8. a4 Bg4 9. h3 Bxf3 10. Qxf3 Nbd7 11. Be2 e6 12. Qg3 exd5 13. exd5 Re8 14. O-O Ne4 15. Nxe4 Rxe4 16. Bd3 Be5 17. f4 Bd4+ 18. Kh1 Re8 19. f5 Ne5 20. fxg6 hxg6 21. Bg5 Qd7 22. Be2 f5 23. Bd2 Qg7 24. Rab1 a5 25. b3 b6 26. Rbe1 Nf7 27. Bd3 Be5 28. Qh4 Ra7 29. g4 g5 30. Qh5 f4 31. Qg6 Qxg6 32. Bxg6 Rae7 33. Kg2 Kg7 34. Bxf7 Kxf7 35. Kf3 Rh8 36. Rh1 Kg6 37. Re4 Reh7 38. Kg2 f3+ 39. Kf2 Rxh3 40. Rxh3 Rxh3 41. Be3 Rh2+ 42. Kxf3 Rb2 43. Bc1 Rxb3+ 44. Ke2 Rb1 45. Bd2 Ra1 46. Kd3 Ra3+ 47. Kc2 Rxa4 48. Kb3 Ra1 49. Bc3 Bxc3 50. Kxc3 Rf1 51. Re6+ Rf6 52. Re7 Rf3+ 53. Kb2 Rf4 54. Re6+ Kf7 55. Rxd6 Rxc4 56. Rxb6 Rb4+ 57. Rxb4 cxb4 0-1


[Site "https://www.chess.com"]

[Event "Titled Tuesday Blitz May 31 Early 2022"]
[White "Jaferian, Koosha"]
[Black "Bintang, Rasyid A. Hidayat"]
[WhiteFideId "12507440"]
[BlackFideId "7105355"]
[WhiteElo "2030"]
[BlackElo "2436"]
[Result "1-0"]
[Round "02"]
[TimeControl "180+1"]
[Date "2022.06.01"]
[WhiteClock "0:00:22"]
[BlackClock "0:00:06"]

1. Nf3 d5 2. b3 c5 3. e3 Nc6 4. Bb2 Nf6 5. Be2 Bf5 6. O-O e6 7. d4 cxd4 8. Nxd4 Nxd4 9. Bxd4 Bd6 10. c4 O-O 11. Nd2 e5 12. Bb2 d4 13. exd4 exd4 14. Bf3 Rb8 15. g3 Bb4 16. a3 Bc3 17. Qc1 Bd3 18. Rd1 Bxb2 19. Qxb2 Re8 20. Nf1 Bxf1 21. Kxf1 d3 22. Rd2 Ne4 23. Bxe4 Rxe4 24. Rad1 Rd4 25. Qc3 Qf6 26. Rxd3 Rxd3 27. Rxd3 Qc6 28. Rd5 Rc8 29. Qd3 h6 30. h4 Qf6 31. Kg2 g6 32. Rd7 Qc6+ 33. Qd5 Qxd5+ 34. cxd5 Rb8 35. Kf3 Kf8 36. Rc7 Ke8 37. Kf4 Rd8 38. Rxb7 Rxd5 39. Rxa7 Rd3 40. Rb7 Kf8 41. Kg4 Kg7 42. Kh3 Rd2 43. a4 Rxf2 44. a5 g5 45. hxg5 hxg5 46. g4 Rf3+ 47. Kg2 Rf4 48. Kg3 Kg6 49. a6 f5 50. a7 Rxg4+ 51. Kf3 Rf4+ 52. Ke3 Re4+ 53. Kd3 Re8 54. Rb8 Re7 55. a8=Q 1-0


[Site "https://www.chess.com"]

[Event "Titled Tuesday Blitz May 31 Early 2022"]
[White "Janaszak, Dawid"]
[Black "Lazavik, Denis"]
[WhiteFideId "1119206"]
[BlackFideId "13515110"]
[WhiteElo "2199"]
[BlackElo "2437"]
[Result "0-1"]
[Round "02"]
[TimeControl "180+1"]
[Date "2022.05.31"]
[WhiteClock "0:00:43"]
[BlackClock "0:01:15"]

1. e4 c5 2. Nc3 e6 3. Nge2 Nc6 4. g3 d5 5. exd5 exd5 6. d4 Bg4 7. Bg2 Nxd4 8. h3 Bf3 9. Kf1 Bxg2+ 10. Kxg2 Ne6 11. Qxd5 Qxd5+ 12. Nxd5 O-O-O 13. c4 Ne7 14. Nec3 Nxd5 15. Nxd5 Bd6 16. Be3 Be5 17. Rab1 Rhe8 18. b4 Bd4 19. bxc5 Bxe3 20. fxe3 Nxc5 21. Rhf1 f6 22. Rb5 b6 23. a4 Re4 24. a5 Rxc4 25. axb6 a6 26. b7+ Kb8 27. Nb4 Rd2+ 28. Kf3 axb5 0-1


[Site "https://www.chess.com"]

[Event "Titled Tuesday Blitz May 31 Early 2022"]
[White "Jobava, Baadur"]
[Black "Sokolovsky, Yahli"]
[WhiteFideId "13601520"]
[BlackFideId "2820242"]
[WhiteElo "2617"]
[BlackElo "1770"]
[Result "1-0"]
[Round "02"]
[TimeControl "180+1"]
[Date "2022.05.31"]
[WhiteClock "0:01:00"]
[BlackClock "0:00:03"]

1. g4 d5 2. Bg2 e5 3. c4 c6 4. cxd5 cxd5 5. Nc3 d4 6. Ne4 Bxg4 7. Nf3 Nc6 8. d3 Nf6 9. Nxf6+ Qxf6 10. Qb3 Bb4+ 11. Bd2 Qe7 12. Rc1 O-O 13. O-O Bxd2 14. Nxd2 Bxe2 15. Rfe1 Bh5 16. Nc4 Rab8 17. f4 Qb4 18. Nxe5 Qxb3 19. axb3 Nxe5 20. Rxe5 Bg4 21. Rc7 Rfc8 22. Ree7 Be6 23. b4 b6 24. Kf2 g6 25. b5 Kg7 26. Bc6 Kf6 27. Rxa7 Rd8 28. Rab7 Rbc8 29. Rec7 Rxc7 30. Rxc7 Bd5 31. b4 Be6 32. Rb7 Bf5 33. Rxb6 Rd6 34. Ke2 Re6+ 35. Kd2 Kg7 36. Rb7 Re3 37. Bd5 Rxd3+ 38. Ke1 Re3+ 39. Kf2 Be6 40. Bc6 Rb3 41. Ke2 Rxb4 42. Kd3 Bf5+ 43. Kd2 Rb2+ 44. Kd1 Bg4+ 45. Kc1 Rb4 46. Bd5 d3 47. Kd2 Bf5 48. Rxf7+ Kh6 49. Bc6 Rb2+ 50. Ke3 Re2+ 51. Kf3 Rb2 52. Rf8 d2 53. Rd8 Bc2 54. Rxd2 Be4+ 55. Ke3 Rb4 56. Bxe4 Rxb5 57. Rd6 Rb3+ 58. Bd3 Rb2 59. f5 Rxh2 60. f6 Rh3+ 61. Ke4 Rh4+ 62. Ke5 Rh3 63. Be4 Rh2 64. Ke6 Rf2 65. Ke7 g5 66. Rd5 g4 67. Rf5 Re2 68. f7 Rxe4+ 69. Kf6 1-0


[Site "https://www.chess.com"]

[Event "Titled Tuesday Blitz May 31 Early 2022"]
[White "Kucuksari, Kaan"]
[Black "Harsha Bharathakoti"]
[WhiteFideId "6380166"]
[BlackFideId "5078776"]
[WhiteElo "2305"]
[BlackElo "2575"]
[Result "1-0"]
[Round "02"]
[TimeControl "180+1"]
[Date "2022.05.31"]
[WhiteClock "0:00:45"]
[BlackClock "0:00:22"]

1. d4 Nf6 2. c4 c5 3. d5 e6 4. Nc3 exd5 5. cxd5 d6 6. Nf3 g6 7. g4 Bxg4 8. Bg2 Bg7 9. h3 Bxf3 10. Bxf3 a6 11. h4 h5 12. Bg5 Nbd7 13. Ne4 Qa5+ 14. Bd2 Qc7 15. Bc3 Rg8 16. Ng5 b5 17. b3 Nh7 18. Bxg7 Rxg7 19. Qd2 Ne5 20. Bg2 Kf8 21. f4 Ng4 22. Bf3 Nh6 23. e4 Re8 24. Nxh7+ Rxh7 25. Kf2 f5 26. e5 dxe5 27. d6 Qd8 28. fxe5 Rxe5 29. Rae1 Rxe1 30. Rxe1 Qxh4+ 31. Kg2 Rd7 32. Qxh6+ Kg8 33. Re8+ 1-0


[Site "https://www.chess.com"]

[Event "Titled Tuesday Blitz May 31 Early 2022"]
[White "Le, Tuan Minh"]
[Black "Djokic, Mihailo"]
[WhiteFideId "12401153"]
[BlackFideId "976440"]
[WhiteElo "2450"]
[BlackElo "2202"]
[Result "1-0"]
[Round "02"]
[TimeControl "180+1"]
[Date "2022.05.31"]
[WhiteClock "0:00:05"]
[BlackClock "0:00:01"]

1. d4 Nf6 2. Nf3 g6 3. Bg5 Bg7 4. Nbd2 O-O 5. c3 d6 6. e4 c5 7. dxc5 dxc5 8. Bc4 Nc6 9. Qe2 Qc7 10. O-O h6 11. Bxf6 Bxf6 12. Qe3 Kg7 13. Qxc5 b6 14. Qe3 Bb7 15. Rfe1 e6 16. e5 Be7 17. h4 Rad8 18. Rad1 Rd7 19. Bb3 Rfd8 20. Bc2 Nb4 21. Ba4 Rd3 22. Qe2 Na6 23. Bb5 Nc5 24. Nd4 R3xd4 25. cxd4 Rxd4 26. Nf1 Rxh4 27. Ng3 a6 28. Bd3 h5 29. a3 Rg4 30. b4 Nb3 31. Qe3 Bg5 32. Qe2 Nd4 33. Qb2 h4 34. Be4 hxg3 35. Rxd4 gxf2+ 36. Qxf2 Bh4 37. Qf3 Rg3 38. Qf4 Rxg2+ 39. Bxg2 Bxe1 40. Bxb7 Qxb7 41. Qf6+ Kh7 42. Rd8 Qe7 43. Rh8# 1-0


[Site "https://www.chess.com"]

[Event "Titled Tuesday Blitz May 31 Early 2022"]
[White "Macovei, Andrei"]
[Black "Suich, Peter D"]
[WhiteFideId "13904680"]
[BlackFideId "2050366"]
[WhiteElo "2472"]
[BlackElo "2413"]
[Result "1/2-1/2"]
[Round "02"]
[TimeControl "180+1"]
[Date "2022.06.01"]
[WhiteClock "0:00:13"]
[BlackClock "0:00:13"]

1. e4 c5 2. Nf3 Nc6 3. d4 cxd4 4. Nxd4 Nf6 5. Nc3 e5 6. Ndb5 d6 7. Bg5 a6 8. Na3 Be6 9. Nc4 Rb8 10. a4 Nb4 11. Ne3 Be7 12. Bxf6 Bxf6 13. Ncd5 Nxd5 14. Nxd5 O-O 15. Bc4 b5 16. axb5 axb5 17. Bb3 g6 18. O-O Bg7 19. Ra6 Re8 20. Qe2 Ra8 21. Qxb5 Rxa6 22. Qxa6 f5 23. exf5 gxf5 24. Rd1 Qb8 25. h3 Kh8 26. Qe2 e4 27. Nf4 Bxb3 28. cxb3 Be5 29. Nd5 Qxb3 30. Qh5 Rf8 31. Ne7 Qe6 32. Nd5 Bxb2 33. Qe2 Be5 34. Qb5 Rg8 35. Qe2 Qg6 36. Qf1 Qg7 37. Kh1 f4 38. Re1 f3 39. g4 Qf7 40. Qc4 h5 41. Qxe4 hxg4 42. Rg1 g3 43. fxg3 f2 44. Rf1 Rxg3 45. Qh4+ Qh7 46. Qxh7+ Kxh7 47. h4 Rh3+ 48. Kg2 Rh2+ 49. Kf3 Rxh4 50. Rxf2 Rh3+ 51. Ke4 Rh4+ 52. Kf5 Rh5+ 53. Ke6 Rh6+ 54. Kd7 Rg6 55. Ne7 Rg7 56. Ke6 Kh6 57. Rf1 Rg2 58. Nf5+ Kg5 59. Ne3 Rg3 60. Nd5 Rg1 61. Rf5+ Kg4 62. Rf8 Rg3 63. Ne7 Kh3 64. Nf5 Kg2 65. Nxg3 Kxg3 66. Kd5 Kg4 67. Ke4 Kg5 68. Rf5+ Kg6 69. Rf1 Kg5 70. Rg1+ Kf6 71. Rg2 Ke6 72. Rg6+ Kd7 73. Kd5 Ke7 74. Rh6 Kf7 75. Ke4 Kg7 76. Re6 Kf7 77. Kf5 Kg7 78. Re7+ Kf8 79. Rb7 Ke8 80. Ke6 Kd8 81. Kd5 Kc8 82. Kc6 Kd8 83. Ra7 Ke8 84. Kd5 Kd8 85. Rh7 Ke8 86. Ke6 Kd8 87. Rh4 Kc7 88. Rc4+ Kb6 89. Kd5 Kb5 90. Rc8 Kb4 91. Rb8+ Kc3 92. Ke4 Kc4 93. Rc8+ Kb5 94. Kd5 Kb6 95. Rc6+ Kb7 96. Rc2 Kb6 97. Rc1 Kb7 98. Ke6 Kb6 99. Kd5 Kb7 100. Rd1 Kb6 101. Rb1+ Kc7 102. Rb3 Kd7 103. Rb7+ Kc8 104. Kc6 Kd8 105. Ra7 Ke8 106. Rd7 Kf8 107. Kd5 Ke8 108. Ke6 Kf8 109. Re7 Kg8 110. Rd7 Kf8 111. Rd8+ Kg7 112. Kf5 Kf7 113. Rd7+ Ke8 114. Ke6 Kf8 1/2-1/2


[Site "https://www.chess.com"]

[Event "Titled Tuesday Blitz May 31 Early 2022"]
[White "Makarian, Rudik"]
[Black "Maksimenko, Viktor"]
[WhiteFideId "44105681"]
[BlackFideId "13710478"]
[WhiteElo "2419"]
[BlackElo "2269"]
[Result "1-0"]
[Round "02"]
[TimeControl "180+1"]
[Date "2022.06.01"]
[WhiteClock "0:00:03"]
[BlackClock "0:00:01"]

1. d3 Nf6 2. g3 d5 3. f4 c5 4. Nf3 Nc6 5. Bg2 g6 6. O-O Bg7 7. Nc3 O-O 8. a3 Re8 9. e4 Bg4 10. e5 Nd7 11. h3 Bxf3 12. Bxf3 e6 13. Kh2 Rb8 14. g4 b5 15. g5 a5 16. Ne2 Qc7 17. Kg2 b4 18. h4 a4 19. h5 Nb6 20. Rh1 c4 21. d4 c3 22. bxc3 b3 23. cxb3 axb3 24. Qxb3 Nc4 25. Qd1 N6a5 26. Ra2 Rb1 27. Qg1 Reb8 28. hxg6 hxg6 29. Kg3 Nb3 30. Qh2 Nxc1 31. Rxc1 R1b2 32. Rxb2 Rxb2 33. Qg1 Qb6 34. a4 Bf8 35. Qe1 Nd2 36. Qd1 Nc4 37. Rc2 Rb1 38. Rc1 Rb2 39. a5 Nxa5 40. Qa4 Nc4 41. Ra1 Qb8 42. Qd7 Rb7 43. Qc6 Rc7 44. Qa8 Qxa8 45. Rxa8 Ne3 46. Kf2 Nd1+ 47. Ke1 Nxc3 48. Ng3 Nb5 49. Ne2 Kg7 50. Kf2 Rc4 51. Ke3 Nc3 52. Ng3 Bb4 53. Be2 Nxe2 54. Nxe2 Bf8 55. Rb8 Ra4 56. Rb7 Ra3+ 57. Kf2 Ra4 58. Ke3 Ra3+ 59. Kd2 Ra4 60. Kd3 Ra3+ 61. Nc3 Kg8 62. Rb8 Kg7 63. Kc2 Ra1 64. Ne2 Re1 65. Kd2 Ra1 66. Ke3 Ra3+ 67. Kf2 Ra2 68. Rb7 Kg8 69. Rd7 Kg7 70. Rb7 Kg8 71. Rb5 Kg7 72. Rb8 Kg8 73. Ke3 Ra3+ 74. Kd2 Ra2+ 75. Ke3 Ra3+ 76. Kf2 Kg7 77. Ng1 Rd3 78. Nf3 Rc3 79. Ke2 Ra3 80. Rb7 Ra2+ 81. Ke3 Ra3+ 82. Kf2 Ra2+ 83. Kg3 Ra4 84. Kg4 Bb4 85. f5 gxf5+ 86. Kh5 Ra1 87. Rxb4 Rh1+ 88. Nh4 Kg8 89. Rb8+ Kg7 90. Rb7 f4 91. g6 f3 92. Rxf7+ Kg8 93. Rxf3 Rh2 94. Kg5 Rh1 95. Rf4 Rg1+ 96. Kh6 Rh1 97. g7 Rf1 98. Ng6 Rxf4 99. Nxf4 1-0


[Site "https://www.chess.com"]

[Event "Titled Tuesday Blitz May 31 Early 2022"]
[White "Maltsevskaya, Aleksandra"]
[Black "Onslow, Alfie"]
[WhiteFideId "24174041"]
[BlackFideId "436976"]
[WhiteElo "2235"]
[BlackElo "1885"]
[Result "1-0"]
[Round "02"]
[TimeControl "180+1"]
[Date "2022.06.01"]
[WhiteClock "0:00:10"]
[BlackClock "0:00:02"]

1. e4 g6 2. d4 Bg7 3. Nf3 c6 4. h4 h5 5. Nc3 d5 6. exd5 cxd5 7. Bg5 Bg4 8. Bb5+ Nc6 9. O-O Nf6 10. Re1 O-O 11. Bxc6 bxc6 12. Na4 Ne4 13. c3 Nxg5 14. hxg5 h4 15. Qd3 h3 16. Ne5 Bf5 17. Qg3 hxg2 18. Kxg2 Qd6 19. b3 f6 20. gxf6 exf6 21. Nf3 Qxg3+ 22. Kxg3 Rfe8 23. Nc5 Bf8 24. Nh4 Bd6+ 25. Kf3 Bxc5 26. Nxf5 Bf8 27. Nh4 Kf7 28. b4 Bd6 29. a3 Rh8 30. Rh1 Rh5 31. Ng2 Rah8 32. Rxh5 Rxh5 33. Ne3 Rh3+ 34. Kg2 Rh2+ 35. Kf3 f5 36. c4 dxc4 37. Nxc4 Bc7 38. Rc1 g5 39. Ne3 Rh3+ 40. Kg2 Rh2+ 41. Kg1 Bf4 42. Rxc6 Rh5 43. Nxf5 g4 44. Ng3 Rd5 45. Ne2 Bd2 46. Rc7+ Ke6 47. Rxa7 Kf5 48. Re7 Bf4 49. Nxf4 Kxf4 50. Rf7+ Ke4 51. Rg7 Kf3 52. Rf7+ Ke4 53. Kg2 Rxd4 54. b5 Ra4 55. f3+ gxf3+ 56. Rxf3 Kd4 57. Rf4+ Kc5 58. Rxa4 Kxb5 59. Rg4 1-0


[Site "https://www.chess.com"]